 Dungeon Crawl Stone Soup version 0.21-a0-13-g3fd62ac (webtiles) character file.

130 mopl the Sneak (level 5, -9/40 HPs)
             Began as a Naga Assassin on May 23, 2017.
             Was an Initiate of Hepliaklqana.
             Mangled by Duvessa
             ... wielding a +3 rapier of venom
              (14 damage)
             ... on level 4 of the Dungeon.
             The game lasted 00:06:08 (4542 turns).

mopl the Sneak (Naga Assassin)                      Turns: 4542, Time: 00:06:09

Health: -9/40      AC:  4    Str: 13    XL:     5   Next: 13%
Magic:  5/5        EV:  9    Int: 12    God:    Hepliaklqana [......]
Gold:   144        SH:  0    Dex: 13    Spells: 4/4 levels left

rFire    . . .     SeeInvis +   a - +2 dagger
rCold    . . .     Gourm    .   (no shield)
rNeg     . . .     Faith    .   c - +0 robe
rPois    +         Spirit   .   q - +1 hat
rElec    .         Reflect  .   d - +0 cloak
rCorr    .         Harm     .   (no gloves)
MR       +....                  (no barding)
Stlth    ++++......             (no amulet)
Regen    0.2/turn               B - ring of protection from magic
MPRegen  0.1/turn               (no ring)

@: lethally poisoned (-9 -> -12), very slow
A: reduced essence, see invisible, deformed body, poison resistance, slowness 2,
slow metabolism 1, spit poison 1, AC +1
a: Spit Poison, Recall Ancestor, Ancestor Identity, Renounce Religion


You were on level 4 of the Dungeon.
You worshipped Hepliaklqana.
Hepliaklqana was noncommittal.
You were very hungry.

You visited 2 branches of the dungeon, and saw 5 of its levels.

You collected 144 gold pieces.

Inventory:

Hand Weapons
 a - a +2 dagger (weapon)
 b - a +0 blowgun
 y - a +0 short sword of flaming
Missiles
 e - 40 poisoned needles
 k - 2 throwing nets (quivered)
 p - 10 tomahawks
Armour
 c - a +0 robe (worn)
 d - a +0 cloak (worn)
 q - a +1 hat (worn)
Jewellery
 B - a ring of protection from magic (left hand)
Wands
 z - a wand of flame (13/48)
Scrolls
 h - 4 scrolls of remove curse {unknown}
 i - 2 scrolls of teleportation {unknown}
 n - 2 scrolls of enchant weapon {unknown}
 o - 2 scrolls of fear {unknown}
 r - a scroll of noise {unknown}
 s - 2 scrolls of immolation {unknown}
 w - 2 scrolls of identify {unknown}
 x - 3 scrolls of amnesia {unknown}
 C - 3 scrolls of blinking {unknown}
 E - a scroll of enchant armour {unknown}
Potions
 j - 3 potions of ambrosia {unknown}
 t - a potion of berserk rage {unknown}
 u - a potion of lignification {unknown}
 v - a potion of agility {unknown}
 A - a potion of brilliance {unknown}
 D - a potion of mutation {unknown}
Comestibles
 g - 4 bread rations
 l - a meat ration
 m - 4 royal jellies


   Skills:
 - Level 2.0 Fighting
 + Level 3.0 Short Blades
 + Level 2.8 Throwing
 - Level 0.7 Dodging
 * Level 7.9 Stealth


You had 4 spell levels left.
You didn't know any spells.

Dungeon Overview and Level Annotations

Branches:
Dungeon (4/15)             Temple (1/1) D:4

Altars:
Cheibriados
Dithmenos
Elyvilon
Gozag
Hepliaklqana
Qazlal
Ru
Sif Muna
Trog
Uskayaw
Vehumet
Yredelemnul

Annotations:
D:2 2 transporters
D:3 anet's ghost, amateur DEWz
D:4 Dowan; Duvessa


Innate Abilities, Weirdness & Mutations

You cannot wear boots.
Your serpentine skin is tough. (AC +1)
You have supernaturally acute eyesight. (SInv)
Armour fits poorly on your strangely shaped body.
Your system is resistant to poisons. (rPois)
You cover ground very slowly.
You have a slow metabolism.
You can spit poison.
Your life essence is reduced. (-10% HP)


Message History

Duvessa is heavily wounded.
Duvessa hits you with a rapier of venom.
You hit Duvessa.
Duvessa is severely wounded.
You feel sick.
Dowan shouts!
You hit Duvessa but do no damage.
Duvessa is severely wounded.
Duvessa hits you with a rapier of venom.
You hit Duvessa but do no damage.
Duvessa is almost dead.
Duvessa hits you with a rapier of venom!
* * * LOW HITPOINT WARNING * * *
You closely miss Duvessa.
Duvessa is almost dead.
You feel sick.
You hit Duvessa.
Duvessa is almost dead.
Duvessa hits you with a rapier of venom!
You die...

#.#.#####......#
#######.#..######....#
.....................#
....##.##.####.#[#..#
. #..##.# #.#.####
#.###.####.#.# #e#
#......#.# ### #e#
###..#...###). #@#
#..###..#.... #.#
#.####.....## .
#.####.###....#.#
....#.....).....#...#
...................##
....###......##...(.##
.. #.###########...
#.# #### ###


You could see Duvessa and Dowan.

Vanquished Creatures
  An orc wizard (D:4)
  An orc priest (D:4)
  An adder (D:3)
  2 dart slugs
  9 orcs
  2 ball pythons
  A giant cockroach (D:3)
  3 goblins
  8 hobgoblins
  A quokka (D:2)
  2 bats (D:2)
  5 frilled lizards
  6 kobolds
  A quokka skeleton (D:4)
  8 rats
51 creatures vanquished.

Vanquished Creatures (others)
  An ancestor (D:4)
1 creature vanquished.

Grand Total: 52 creatures vanquished

Notes
Turn   | Place    | Note
-------+----------+-------------------------------------------
     0 | D:1      | mopl the Naga Assassin began the quest for the Orb.
     0 | D:1      | Reached XP level 1. HP: 19/19 MP: 1/1
    21 | D:1      | Reached skill level 6 in Stealth
    92 | D:1      | Reached skill level 2 in Throwing
   113 | D:1      | Reached XP level 2. HP: 26/26 MP: 2/2
  1009 | D:2      | Noticed an ogre
  1010 | D:2      | Found a white marble altar of Elyvilon.
  1010 | D:2      | Noticed an orc warrior
  1014 | D:2      | Noticed an orc warrior
  1969 | D:2      | Reached XP level 3. HP: 8/32 MP: 3/3
  2589 | D:3      | Noticed anet's ghost (amateur DEWz)
  2979 | D:2      | Reached skill level 7 in Stealth
  3055 | D:3      | Found a stormy altar of Qazlal.
  3132 | D:3      | Found a radiant altar of Vehumet.
  3175 | D:3      | Reached XP level 4. HP: 39/39 MP: 4/4
  3604 | D:4      | Noticed Dowan
  3612 | D:4      | Noticed Duvessa
  4095 | D:4      | Reached skill level 3 in Short Blades
  4095 | D:4      | Reached XP level 5. HP: 13/45 MP: 5/5
  4310 | D:4      | Found a staircase to the Ecumenical Temple.
  4315 | Temple   | Entered the Ecumenical Temple
  4444 | Temple   | Became a worshipper of Hepliaklqana the Forgotten
  4542 | D:4      | Mangled by Duvessa

Vault maps used:
D:1:      lightli_arrival_chessboard
D:2:      gammafunk_temple_overflow_arena
D:3:      overflow_temple_1_default, lemuel_crystal_altar, first_bread
D:4:      temple_doors_e, uniq_ijyb, uniq_edmund, uniq_crazy_yiuf_cottage,
          uniq_duvessa, uniq_robin
Temple:   dpeg_chambers_temple

Skill      XL: |  1  2  3  4 |
---------------+-------------+-----
Stealth        | 6 7 |  7.9
Throwing       | 2 |  2.8
Short Blades   | 3 |  3.0
Fighting       | |  2.0
Dodging        | |  0.7

Action                   |  1- 3 |  4- 6 || total
-------------------------+-------+-------++-------
Melee: Dagger            |    77 |    65 ||   142
 Fire: Blowgun           |    62 |    33 ||    95
 Abil: Spit Poison       |     3 |       ||     3
 Stab: Sleeping          |     4 |     2 ||     6
  Eat: Chunk             |     5 |     2 ||     7
Armor: Robe              |    20 |    13 ||    33
Dodge: Dodged            |    46 |    19 ||    65
